Match 41405423
Unlisted

Match 41405423
End
Construct Section Command Post
Infantry Section
Dingo Light Scout Car
Infantry Section
ML 3-inch Mortar Team
Construct Platoon Command Post
Selects Indian Artillery Battlegroup
Selects Artillery Saturation
Humber Armored Car
Royal Engineer Section
Humber Armored Car
Selects Off-map Airburst Barrage
Off-map Airburst Barrage
Selects Valour
Infantry Section
Infantry Training
Selects Gurkha Rifles Section
Gurkha Rifles Section
Construct Field Infirmary
Construct Company Command Post
Foot Guards Section
Foot Guards Section
Selects Volunteer Infantry
Selects Perimeter Monitor
243437346
I ja kayee you hai lak ki
kurt0113
Mael Radec
破晓泪
Sylar
生地绿豆
gr8vibezZ
0
0

Comments sign in to comment!

No comments posted yet!